AoeStats
← Titario

Glade

503294396Analyzed
1v1 RM · 10d ago on Aug 31, 2026· 16m 15s· 2 players
Game mode
Random Map
Map size
Tiny (2 player)
Population
200
Speed
Normal
Resources
Standard
Victory
Conquest
Starting age
Dark Age
Ending age
Imperial Age
RankedLock teamsTeams togetherTeam positionsShared explorationLock speedFull tech treeHidden civsTurbo modeCheats
Victory
Defeat
🇹🇼 Goths · Taiwan
811
+18
🇨🇱 Franks · Chile
845
-18
Titario
10:19 Feudal Age
11:50 Wheelbarrow
11:03 Double-Bit Axe
16:21 Castle Age
darrencool820518
1:12 Loom
10:53 Feudal Age
10:56 Man-at-Arms
13:42 Horse Collar
Connection lost

Rejoining the realm…

Still unreachable

The connection could not be restored.

Session expired

The server has moved on; the page needs a fresh start.